 Dungeon Crawl Stone Soup version 0.29-a0-323-g050149af67 (webtiles) character file.

Game seed: 84598885868520329

2923 Jortsu the Grappler (level 9, 0/76 HPs)
             Began as a Troll Fighter on Apr 12, 2022.
             Was a Priest of Hepliaklqana.
             Slain by an orc wizard
             ... wielding a +0 dagger
              (1 damage)
             ... on level 7 of the Dungeon.
             The game lasted 00:10:03 (4936 turns).

Jortsu the Grappler (Troll Fighter)                 Turns: 4936, Time: 00:10:03

Health: 0/76       AC: 10    Str: 34    XL:     9   Next: 50%
Magic:  8/8        EV: 11    Int:  4    God:    Hepliaklqana [***...]
Gold:   347        SH:  0    Dex: 11    Spells: 8/8 levels left

rFire   . . .      SeeInvis .   u - +1 giant spiked club
rCold   . . .      Faith    .   (shield currently unavailable)
rNeg    . . .      Spirit   .   a - +0 robe
rPois   .          Reflect  .   (helmet restricted)
rElec   .          Harm     .   d - +1 cloak
rCorr   .          Rampage  .   (gloves unavailable)
Will    .....                   (boots unavailable)
Stlth   ++........              (no amulet)
HPRegen 1.02/turn               i - +6 ring of strength
MPRegen 0.11/turn               y - +4 ring of protection

@: no status effects
A: reduced essence, large, unfitting armour, claws 3, regeneration 1, shaggy fur
1, tough skin 1
a: Renounce Religion, Recall Ancestor, Ancestor Identity, Transference


You were on level 7 of the Dungeon.
You worshipped Hepliaklqana.
Hepliaklqana was most pleased with you.
You visited 1 branch of the dungeon, and saw 7 of its levels.

You collected 347 gold pieces.

Inventory:

Hand Weapons
 u - a +1 giant spiked club (weapon)
Armour
 a - a +0 robe (worn)
 b - a +0 kite shield
 d - a +1 cloak (worn)
Jewellery
 i - a +6 ring of strength (left claw)
 n - a ring of resist corrosion
 v - a ring of magical power
 y - a +4 ring of protection (right claw)
 C - a +4 ring of protection
 F - a ring of willpower
Wands
 g - a wand of digging (4)
 o - a wand of iceblast (16)
 z - a wand of flame (13)
 A - a wand of charming (4)
 D - a wand of acid (2)
Scrolls
 h - a scroll of immolation
 l - 4 scrolls of teleportation
 p - 2 scrolls of enchant armour
 q - a scroll of fear
 s - a scroll of amnesia
 B - a scroll of silence {unknown}
Potions
 c - 3 potions of might
 e - 8 potions of curing
 f - a potion of resistance
 j - a potion of berserk rage {unknown}
 k - a potion of cancellation {unknown}
 m - 3 potions of lignification {unknown}
 r - a potion of heal wounds {unknown}
 t - a potion of attraction {unknown}
 w - a potion of mutation {unknown}
 x - 4 potions of brilliance {unknown}
 E - a potion of flight {unknown}


   Skills:
 + Level 4.4 Fighting
 + Level 4.7 Maces & Flails
 + Level 5.3 Dodging
 + Level 2.2 Stealth
 + Level 4.0 Shields
 + Level 8.1 Unarmed Combat


You had 8 spell levels left.
You didn't know any spells.
Your spell library contained the following spells:

 Spells                   Type           Power      Damage    Failure   Level
 Sting                    Tmut/Pois      0%         1d3       50%         1
 Poisonous Vapours        Pois/Air       0%         N/A       65%         2
 Dazzling Flash           Conj/Hex       0%         N/A       86%         3
 Gell's Gravitas          Tloc           0%         N/A       86%         3
 Ozocubu's Armour         Ice            0%         N/A       86%         3
 Teleport Other           Tloc           0%         N/A       86%         3
 Iskenderun's Mystic Bla  Conj/Tloc      0%         2d3       99%         4
 Olgreb's Toxic Radiance  Pois           0%         N/A       99%         4
 Dispersal                Tloc           0%         N/A       100%        6
 Starburst                Conj/Fire      0%         6d3       100%        6
 Ozocubu's Refrigeration  Ice            0%         4d5       100%        7


Dungeon Overview and Level Annotations

Branches:
Dungeon (7/15)             Temple (0/1) D:6

Altars:
Gozag
Hepliaklqana
Makhleb
Okawaru
Qazlal
Xom
Beogh

Shops:
D:1 :   D:7 (

Annotations:
D:4 3 runed translucent doors, P0WERM0DE's ghost, amateur DsAK


Innate Abilities, Weirdness & Mutations

Your life essence is reduced to manifest your ancestor. (-10% HP)
You are too large for most types of armour.
You have claws for hands.
Your natural rate of healing is unusually fast.
You are covered in fur. (AC +1)
You have tough skin. (AC +1)


Message History

Maggie barely misses you.
You barely miss Maggie.
Maggie is lightly wounded.
Maggie hits you with a +2 vorpal halberd!
Agathocles gestures at Maggie while chanting.
The stone arrow hits Maggie!!
Maggie barely misses Agathocles.
You bludgeon Maggie!!
Maggie is almost dead.
Maggie hits you with a +2 vorpal halberd.
The orc priest mumbles some strange prayers to Beogh against you.
Beogh smites you!
The orc wizard mumbles some strange words.
The orc wizard flickers and vanishes!
Deactivating autopickup; reactivate with Ctrl-A.
You barely miss Maggie.
Maggie is almost dead.
Maggie gestures at you while chanting. The bolt of fire hits you!
The bolt of fire misses Agathocles.
An orc wizard comes into view. It is wielding a +0 dagger.
Maggie hits you with a +2 vorpal halberd!
* * * LOW HITPOINT WARNING * * *
x2 The orc priest looks encouraged for a moment.
You puncture Maggie!
Maggie is almost dead.
Maggie says, "Leave now, and tell all of Margery's mercy!"
Maggie closely misses you.
Agathocles points at Maggie and mumbles some strange words.
The stone arrow hits Maggie!
You break out of your daze!
Maggie dies!
You completely miss something. Something hits you.
* * * LOW HITPOINT WARNING * * *
The orc priest invokes the aid of Beogh against you.
Beogh smites you!
* * * LOW HITPOINT WARNING * * *
Agathocles casts a spell next to you.
The stone arrow hits something!
Unknown command.
You swap places.
Something hits you.
You die...

#.........# #
#<.#####..# #
#..#####..# #
...........# #
............###
####..######....
#... #####
#########..#
#.>.@{.oo..#
#.########.# #.#
#.# #.# #.# #.#
#.# #.# #####


You could see the friendly Agathocles the battlemage, an orc priest and an orc
wizard.

Vanquished Creatures
  A water moccasin (D:5)
  A sky beast (D:5)
  2 ice beasts (D:6)
  An ogre (D:5)
  A kobold brigand (D:7)
  3 scorpions
  2 wights (D:7)
  Dowan (D:7)
  2 howler monkeys (D:7)
  A crimson imp (D:5)
  2 hounds
  A jelly (D:6)
  2 orc priests (D:6)
  3 iguanas (D:5)
  2 orc wizards
  5 gnolls
  2 adders
  A white imp (D:7)
  An ufetubus (D:5)
  2 worms (D:2)
  3 dart slugs
  9 orcs
  6 endoplasms
  4 giant cockroaches
  6 goblins
  8 hobgoblins
  4 jackals
  2 quokkas
  6 ball pythons
  5 bats
  3 frilled lizards (D:1)
  12 kobolds
  8 rats
112 creatures vanquished.

Vanquished Creatures (collateral kills)
  Maggie (D:7)
  Sigmund (D:4)
  Eustachio (D:5)
  Duvessa (D:7)
  A black bear (D:5)
  An ice beast (D:6)
  An ogre (D:5)
  A phantom (D:6)
  2 bullfrogs
  3 wights (D:7)
  3 hounds
  A jelly (D:5)
  An orc wizard (D:6)
  3 gnolls
  2 adders
  4 orcs
  2 ball pythons
  A giant cockroach (D:4)
  2 jackals (D:3)
  2 kobolds
  A quokka (D:4)
  A frilled lizard (D:2)
  A rat (D:3)
37 creatures vanquished.

Vanquished Creatures (others)
  2 battlemagi
2 creatures vanquished.

Grand Total: 151 creatures vanquished

Notes
Turn   | Place    | Note
-------+----------+-------------------------------------------
     0 | D:1      | Jortsu the Troll Fighter began the quest for the Orb.
     0 | D:1      | Reached XP level 1. HP: 22/22 MP: 0/0
   257 | D:1      | Reached XP level 2. HP: 21/29 MP: 1/1
   302 | D:1      | Found Zitemmak's Book Shoppe.
   690 | D:1      | Reached XP level 3. HP: 36/36 MP: 2/2
   912 | D:2      | Found a faded altar of an unknown god.
   924 | D:2      | Prayed at the altar of an unknown god.
   924 | D:2      | Became a worshipper of Hepliaklqana the Forgotten
   924 | D:2      | Reached * piety under Hepliaklqana
  1403 | D:3      | Reached skill level 3 in Unarmed Combat
  1403 | D:3      | Reached XP level 4. HP: 39/39 MP: 3/3
  1567 | D:3      | Found a stormy altar of Qazlal.
  1783 | D:3      | Reached ** piety under Hepliaklqana
  1785 | D:3      | Remembered your ancestor Agathocles as a battlemage
  1881 | D:3      | Reached XP level 5. HP: 41/45 MP: 4/4
  2077 | D:3      | Reached skill level 4 in Unarmed Combat
  2715 | D:4      | Reached XP level 6. HP: 50/53 MP: 5/5
  2884 | D:4      | Noticed Sigmund
  2898 | D:4      | Killed Sigmund
  2899 | D:4      | Reached skill level 1 in Stealth
  2899 | D:4      | Reached skill level 5 in Unarmed Combat
  3087 | D:4      | Found a runed translucent gate.
  3087 | D:4      | Identified the +0 scale mail "Zikhedai" {rElec}
  3087 | D:4      | Noticed P0WERM0DE's ghost (amateur DsAK)
  3088 | D:4      | Found a runed translucent gate.
  3089 | D:4      | Found a runed translucent gate.
  3160 | D:4      | Reached XP level 7. HP: 55/60 MP: 6/6
  3272 | D:5      | Entered Level 5 of the Dungeon
  3281 | D:5      | Reached skill level 6 in Unarmed Combat
  3309 | D:5      | Noticed Eustachio
  3344 | D:5      | Killed Eustachio
  3430 | D:5      | Reached skill level 7 in Unarmed Combat
  3430 | D:5      | Reached XP level 8. HP: 52/67 MP: 7/7
  3578 | D:5      | Found an opulent altar of Gozag.
  3582 | D:5      | Found a hazy altar of Hepliaklqana.
  3586 | D:5      | Found an iron altar of Okawaru.
  3763 | D:5      | Found a shimmering altar of Xom.
  3763 | D:5      | Found a burning altar of Makhleb.
  3845 | D:6      | Reached skill level 1 in Maces & Flails
  3860 | D:6      | Reached *** piety under Hepliaklqana
  4025 | D:6      | Reached skill level 8 in Unarmed Combat
  4137 | D:6      | Reached XP level 9. HP: 75/75 MP: 8/8
  4348 | D:6      | Found a staircase to the Ecumenical Temple.
  4432 | D:7      | Identified the +7 whip of Disarray {flame, rF+ Dex+3
                  | Stlth+}
  4573 | D:7      | Reached skill level 5 in Dodging
  4652 | D:7      | Noticed Duvessa
  4652 | D:7      | Noticed Dowan
  4656 | D:7      | Killed Duvessa
  4659 | D:7      | Killed Dowan
  4719 | D:7      | Found Dyes's Antique Weapon Shoppe.
  4926 | D:7      | Noticed Maggie
  4934 | D:7      | Killed Maggie
  4935 | D:7      | HP: 1/76 [orc priest/divine providence (14)]
  4936 | D:7      | Slain by an orc wizard

Illustrated notes

Levels and vault maps discovered:
D:1:      amcnicky_arrival_double_pillar, layout_basic, serial_shops,
          nicolae_shop_hallway_plus
D:2:      layout_basic, basic_ecumenical_altar
D:3:      layout_loops_ring, mainiacjoe_overflow_six_doors_small
D:4:      layout_basic, biasface_ghost_orc_armoury, roderic_lattice_a,
          uniq_sigmund
D:5:      layout_rooms, grunt_temple_overflow_champion_of_chaos,
          grunt_temple_overflow_diamond, cheibrodos_gnoll_hut, uniq_eustachio
D:6:      layout_basic, minmay_temple_entry_fiery
D:7:      layout_loops_ring, serial_shops, nicolae_shop_hallway_stairs,
          uniq_duvessa, uniq_maggie

Skill      XL: |  1  2  3  4  5  6  7  8  9 |
---------------+----------------------------+-----
Dodging        | 3 4 5 |  5.3
Unarmed Combat | 3 4 5 7 8 |  8.1
Shields        | 3 4 |  4.0
Stealth        | 1 2 |  2.2
Fighting       | 3 4 |  4.4
Maces & Flails | 2 4 |  4.7

Action                   |  1- 3 |  4- 6 |  7- 9 || total
-------------------------+-------+-------+-------++-------
Melee: Unarmed           |   100 |    97 |    40 ||   237
       Giant spiked club |       |       |   106 ||   106
Invok: Ancestor Life: Ba |       |     1 |       ||     1
       Recall Ancestor   |       |       |     1 ||     1
  Use: Scroll            |     3 |     4 |     8 ||    15
 Stab: Sleeping          |     2 |       |     2 ||     4
Armor: Robe              |    43 |    21 |    89 ||   153
Dodge: Dodged            |    47 |    30 |    86 ||   163
Block: Kite shield       |    40 |    24 |    18 ||    82

Table legend: (Time is in decaauts)
 A = Elapsed time spent in this place.
 B = Non-inter-level travel time spent in this place.
 C = Inter-level travel time spent in this place.
 D = Time resting spent in this place.
 E = Time spent auto-exploring this place.
 F = Levels seen in this place.
 G = Mean time per level.
                   A        B        C        D        E       F      G
               +--------+--------+--------+--------+--------+-----+--------+
         Total |   5023 |   4876 |    147 |     53 |   3499 |   7 |  717.6 |
       Dungeon |   5023 |   4876 |    147 |     53 |   3499 |   7 |  717.6 |
               +--------+--------+--------+--------+--------+-----+--------+

Top non-repeatable levels by time:
     D:4: 1056 daAuts
     D:3: 831 daAuts
     D:1: 798 daAuts
     D:2: 600 daAuts
     D:7: 593 daAuts
     D:5: 575 daAuts
     D:6: 567 daAuts
